AoeStats
← DENNIS

MegaRandom

510167020Analyzed
2v2 RM · 3d ago on Sep 29, 2026· 16m 30s· 4 players
Game mode
Random Map
Map size
Medium (4 player)
Population
200
Speed
Normal
Resources
Standard
Victory
Conquest
Starting age
Dark Age
Ending age
Imperial Age
RankedLock teamsTeams togetherTeam positionsShared explorationLock speedFull tech treeHidden civsTurbo modeCheats
Victory
Defeat
🇸🇪 Britons · Sweden
1572
+17
🇸🇪 Bulgarians · Sweden
1542
+19
🇮🇹 Franks · Italy
1658
-20
🇮🇹 Burmese · Italy
1548
-16
BonanaKing
8:57 Feudal Age
7:13 Loom
11:07 Double-Bit Axe
14:20 Fletching
DENNIS
8:01 Loom
9:54 Feudal Age
11:24 Double-Bit Axe
12:57 Scale Barding Armor
15:31 Forging
GdR_Macdek II
10:38 Feudal Age
15:15 Castle Age
14:26 Forging
15:25 Scale Barding Armor
15:54 Double-Bit Axe
TizioitaGdR
8:06 Loom
10:32 Feudal Age
15:11 Castle Age
13:41 Gold Mining
Connection lost

Rejoining the realm…

Still unreachable

The connection could not be restored.

Session expired

The server has moved on; the page needs a fresh start.